 Dungeon Crawl Stone Soup version 0.17-a0-157-g289cc6a (webtiles) character file.

108 Ngotmuk the Cudgeler (level 4, 0/35 HPs)
             Began as a Demonspawn Abyssal Knight on Mar 27, 2015.
             Was a Believer of Lugonu.
             Slain by a giant newt (2 damage)
             ... on level 2 of the Dungeon.
             The game lasted 00:13:55 (3275 turns).

Ngotmuk the Cudgeler (Demonspawn Abyssal Knight)    Turns: 3275, Time: 00:13:56

Health: 0/35       AC:  6    Str: 13    XL:     4   Next: 58%
Magic:  0/5        EV:  6    Int: 15    God:    Lugonu [**....]
Gold:   203        SH: 11    Dex: 13    Spells: 0 memorised, 3 levels left

rFire  . . .     SeeInvis .     d - +0 whip
rCold  . . .     Clarity  .     e - +2 leather armour {rPois}
rNeg   . . .     SustAb   .     n - +0 large shield
rPois  +         Gourm    .     (no helmet)
rElec  .         Spirit   +     (no cloak)
rCorr  .         Warding  .     v - +0 pair of gloves
rMut   .         Stasis   .     (no boots)
MR     .....                    (no amulet)
Stlth  +.........               (no ring)
                                m - +2 ring of intelligence

@: not resistant to hostile enchantments, very unstealthy
A: magic shield
a: Depart the Abyss, Bend Space, Renounce Religion


You were on level 2 of the Dungeon.
You worshipped Lugonu.
Lugonu was pleased with you.
You were not hungry.

You visited 1 branch of the dungeon, and saw 3 of its levels.
You visited the Abyss 1 time.

You collected 203 gold pieces.

Inventory:

Hand weapons
 d - a +0 whip (weapon)
Armour
 e - a +2 leather armour of poison resistance (worn)
 n - a +0 large shield (worn)
 v - a +0 pair of gloves (worn)
Jewellery
 m - a +2 ring of intelligence (left hand)
Scrolls
 a - a scroll of fear {unknown}
 g - a scroll of teleportation {unknown}
 k - 2 scrolls of remove curse {unknown}
 l - 2 scrolls of noise {unknown}
 p - 2 scrolls of fog {unknown}
 r - a scroll of recharging {unknown}
 s - a scroll of blinking {unknown}
 u - 2 scrolls of random uselessness {unknown}
 w - a scroll of identify {unknown}
 x - a scroll of enchant weapon {unknown}
 y - a scroll of immolation {unknown}
 A - a scroll of enchant armour {unknown}
Potions
 b - a potion of magic {unknown}
 f - a potion of agility {unknown}
 h - 4 potions of might {unknown}
 i - a potion of cancellation {unknown}
 j - a potion of haste {unknown}
 o - a potion of lignification {unknown}
 q - a potion of mutation {unknown}
 z - a potion of brilliance {unknown}
Comestibles
 c - 2 bread rations
 t - a beef jerky


   Skills:
 + Level 3.3 Fighting
 * Level 3.4 Maces & Flails
 + Level 2.7 Armour
 - Level 0.8 Dodging
 * Level 0.8 Shields
 - Level 2.4 Invocations


You had 3 spell levels left.
You didn't know any spells.

Dungeon Overview and Level Annotations

Branches:
Dungeon (3/15)

Altars:


Innate Abilities, Weirdness & Mutations

When hurt, damage is shared between your health and your magic reserves.


Message History

The gnoll is severely wounded.
The giant newt bites you but does no damage.
The gnoll hits you but does no damage.
You hit the gnoll.
The gnoll is severely wounded.
The giant newt barely misses you. You block the gnoll's attack.
You hit the gnoll but do no damage.
The gnoll is severely wounded.
You block the giant newt's attack. You block the gnoll's attack.
You closely miss the gnoll.
The gnoll is severely wounded.
You block the giant newt's attack.
The gnoll hits you with a flail of protection.
You hit the gnoll but do no damage.
The gnoll is severely wounded.
You block the giant newt's attack.
The gnoll hits you with a flail of protection!
* * * LOW HITPOINT WARNING * * *
The giant newt bites you.
You die...

#..........###..##.###......
#.###...).......#.## ##.####
#.# #............## ##....
#.# #...........#.## ##.####
#.# #.#####.#..##..###..#
#.# #.# #......##...#...##
#.# #)# #......##....###.#
#.# #.# #...>g.......# #.###
#.# #.###..@l..##....###....
#.###...................####
#......#....................
#####....#.......(........†.
####.....##.#####.#...##
##.#.###.# #.....#...
#.....##<# #.#.#...##
##.#..##.# #.#.##.##
###..##.# #.#.##.###


You could see a gnoll and a giant newt.

Vanquished Creatures
  3 adders
  3 worms
  2 giant geckos
  An ooze (D:1)
  An orc (D:3)
  9 hobgoblins
  A quokka (D:2)
  9 bats
  5 giant newts (D:1)
  8 goblins
  3 jackals (D:2)
  6 kobolds
  8 rats
59 creatures vanquished.

Notes
Turn   | Place    | Note
--------------------------------------------------------------
     0 | Abyss:1  | Ngotmuk, the Demonspawn Abyssal Knight, began the quest for the Orb.
     0 | Abyss:1  | Reached XP level 1. HP: 18/18 MP: 1/1
    38 | D:1      | Escaped the Abyss
   509 | D:1      | Gained mutation: When hurt, damage is shared between your health and your magic reserves. [demonic ancestry]
   509 | D:1      | Reached XP level 2. HP: 24/24 MP: 2/2
  1174 | D:1      | Acquired Lugonu's second power
  1476 | D:2      | Reached XP level 3. HP: 15/29 MP: 4/4
  2167 | D:2      | Reached XP level 4. HP: 16/35 MP: 3/5
  3275 | D:2      | Slain by a giant newt

Action                   |  1- 3 |  4- 6 || total
-------------------------+-------+-------++-------
Melee: Whip              |   247 |   118 ||   365
  Eat: Meat ration       |     1 |     1 ||     2
